 Dungeon Crawl Stone Soup version 0.16.1-51-g6203257 (webtiles) character file.

91 uhvn the Sneak (level 4, 0/22 HPs)
             Began as a Vine Stalker Enchanter on July 10, 2015.
             Slain by Grinder (3 damage)
             ... while paralysed by Grinder
             ... on level 3 of the Dungeon.
             The game lasted 00:06:26 (1485 turns).

uhvn the Sneak (Vine Stalker Enchanter)             Turns: 1485, Time: 00:06:27

Health: 0/22       AC:  4    Str: 11    XL:     4   Next: 57%
Magic:  0/9        EV:  2    Int: 15    God:
Gold:   118        SH:  0    Dex: 15    Spells: 3 memorised, 3 levels left

rFire  . . .     SeeInvis .     i - +0 dagger (flame)
rCold  + . .     Clarity  .     b - +1 robe
rNeg   . . .     SustAb   .     (no shield)
rPois  .         Gourm    .     (no helmet)
rElec  .         Spirit   +     (no cloak)
rCorr  .         Warding  .     (no gloves)
rMut   .         Stasis   .     l - +0 pair of boots
MR     .....                    (no amulet)
Stlth  +++.......               (no ring)
                                j - ring of protection from cold

@: paralysed, bonded with blade, not resistant to hostile enchantments, fairly
stealthy
A: fangs 2, regeneration 1, magic shield, antimagic bite, no device heal 3, rot
immunity
a: no special abilities


You were on level 3 of the Dungeon.
You were not hungry.

You visited 1 branch of the dungeon, and saw 3 of its levels.

You collected 118 gold pieces.

Inventory:

Hand weapons
 a - a +1 dagger
 i - a +0 dagger of flaming (weapon)
Armour
 b - a +1 robe (worn)
 l - a +0 pair of boots (worn)
Jewellery
 j - a ring of protection from cold (left hand)
 q - an uncursed amulet of rage {unknown}
 r - an uncursed ring of teleport control {unknown}
Scrolls
 e - a scroll of recharging {unknown}
 f - 3 scrolls of identify {unknown}
 g - a scroll of immolation {unknown}
 h - 2 scrolls of blinking {unknown}
 o - a scroll of random uselessness {unknown}
Potions
 k - a potion of restore abilities {unknown}
 n - 2 potions of curing {unknown}
 p - a potion of heal wounds {unknown}
Books
 c - a book of Maledictions

   Spells                             Type                      Level
   a - Corona                         Hexes                        1
   b - Sure Blade                     Hexes/Charms                 2
   c - Ensorcelled Hibernation        Hexes/Ice                    2
   d - Confuse                        Hexes                        3
   e - Dazzling Spray                 Conjuration/Hexes            3
   f - Enslavement                    Hexes                        4
Comestibles
 d - 2 bread rations
 m - a beef jerky


   Skills:
 * Level 1.5 Fighting
 * Level 1.7 Short Blades
 + Level 1.8 Dodging
 + Level 4.3 Stealth
 + Level 2.7 Spellcasting
 - Level 3.0 Hexes
 + Level 0.4 Charms
 + Level 0.8 Ice Magic


You had 3 spell levels left.
You knew the following spells:

 Your Spells              Type           Power        Failure   Level  Hunger
a - Corona                Hex            ##.....      8%          1    #......
b - Ensorcelled Hibernat  Hex/Ice        #.....       14%         2    ##.....
c - Sure Blade            Hex/Chrm       #.........   17%         2    ##.....


Dungeon Overview and Level Annotations

Branches:
Dungeon (3/15)

Altars:
Xom
Yredelemnul
The Shining One

Annotations:
D:3 Grinder


Innate Abilities, Weirdness & Mutations

You have extremely sharp teeth.
Your natural rate of healing is unusually fast.
When hurt, damage is shared between your health and your magic reserves.
Your bite disrupts and absorbs the magic of your enemies.
Potions and wands cannot restore your health.
You are immune to rotting.


Message History

Grinder gestures at you. You resist with significant effort.
You hit Grinder. You burn Grinder. Your bite misses Grinder.
Grinder is lightly wounded.
Grinder hits you.
You hit Grinder but do no damage. You bite Grinder.
Grinder's magic leaks into the air.
You drain his magic.
You feel invigorated.
Grinder is moderately wounded.
Grinder hits you.
You writhe in agony.
You hit Grinder but do no damage. You bite Grinder, but do no damage.
Grinder is lightly wounded.
Grinder gestures at you.
You suddenly lose the ability to move!
Grinder hits you.
You writhe in agony.
Grinder completely misses you. Grinder hits you.
* * * LOW HITPOINT WARNING * * *
You writhe in agony.
* * * LOW HITPOINT WARNING * * *
Grinder hits you.
You die...

#####
#...#######
#...........
#####...###
#........5@#
.#####.##.#
#. #.# ..
#.# ### #.#
#.# ##.##
#####
##...####
....#
#..#....#


You could see Grinder.

Vanquished Creatures
  4 adders
  A gnoll (D:2)
  A giant gecko (D:1)
  An orc (D:2)
  4 ball pythons
  A bat (D:3)
  8 hobgoblins
  2 jackals (D:2)
  An ooze (D:3)
  4 giant newts
  5 goblins
  6 kobolds
  4 rats
42 creatures vanquished.

Notes
Turn   | Place    | Note
--------------------------------------------------------------
     0 | D:1      | uhvn, the Vine Stalker Enchanter, began the quest for the Orb.
     0 | D:1      | Reached XP level 1. HP: 9/9 MP: 3/3
    20 | D:1      | Reached skill level 1 in Short Blades
    84 | D:1      | Found a glowing golden altar of the Shining One.
   171 | D:1      | Reached XP level 2. HP: 12/14 MP: 3/5
   212 | D:1      | Learned a level 2 spell: Ensorcelled Hibernation
   622 | D:2      | Learned a level 2 spell: Sure Blade
   706 | D:2      | Reached skill level 1 in Fighting
   784 | D:2      | Reached skill level 4 in Stealth
   784 | D:2      | Reached XP level 3. HP: 12/18 MP: 7/7
   966 | D:2      | Found a shimmering altar of Xom.
  1239 | D:2      | Reached XP level 4. HP: 22/22 MP: 9/9
  1331 | D:3      | Found a basalt altar of Yredelemnul.
  1469 | D:3      | Noticed Grinder
  1483 | D:3      | Paralysed by Grinder for 5 turns
  1485 | D:3      | Slain by Grinder

Action                   |  1- 3 |  4- 6 || total
-------------------------+-------+-------++-------
Melee: Dagger            |    85 |    34 ||   119
 Cast: Ensorcelled Hiber |     6 |       ||     6
       Sure Blade        |     1 |     2 ||     3
 Stab: Sleeping          |     9 |     2 ||    11
  Eat: Chunk             |     1 |     1 ||     2
